[Event "Team 45 45 League T48"]
[Site "Internet Chess Club"]
[Date "2011.03.30"]
[Round "8"]
[White "DARKwizard1"]
[Black "McKnights"]
[Result "0-1"]
[WhiteElo "1979"]
[BlackElo "1911"]
[Opening "Sicilian: Keres variation (2.Ne2)"]
[ECO "B20"]
[Time "19:32:24"]
[TimeControl "2700+45"]

1. e4 c5 2. Ne2 e6 3. Nbc3 d5 4. exd5 exd5 5. d4 Be6 6. dxc5 Bxc5 7. Nf4 Nf6 8.
Bb5+ Nc6 9. O-O O-O 10. Re1 Ng4 11. Nd3 Qh4 12. Qxg4 Qxg4 13. Bxc6 bxc6 14. Nxc5
Rfe8 15. f3 Qg6 16. Nd3 Bh3 17. g3 Rxe1+ 18. Nxe1 Re8 19. Bd2 Qf6 20. Nd3 Qxf3
21. Nf4 Bf5 22. Rf1 Qg4 23. Kg2 Bxc2 24. h3 Qd7 25. Rf2 d4 26. Nce2 c5 27. Kh2
Qb7 28. b3 Qa6 29. Nc1 c4 30. Nd5 c3 31. Bf4 Qb7 32. Nc7 Re1 33. g4 d3 34. Kg3
d2 {White resigns} 0-1

[Event "Team 45 45 League T48"]
[Site "Internet Chess Club"]
[Date "2011.04.03"]
[Round "8"]
[White "ChessAuthor"]
[Black "kabindra"]
[Result "1/2-1/2"]
[WhiteElo "1768"]
[BlackElo "1845"]
[Opening "Réti v Dutch"]
[ECO "A04"]
[Time "14:00:13"]
[TimeControl "2700+45"]

1. Nf3 f5 2. g3 Nf6 3. Bg2 e6 4. c4 c6 5. Nc3 d5 6. cxd5 cxd5 7. O-O Nc6 8. d4
Be7 9. Bg5 O-O 10. Rc1 a6 11. Re1 Bd7 12. Qb3 b5 13. Bxf6 Bxf6 14. e3 Be7 15.
Ne5 Nxe5 16. dxe5 Rc8 17. Red1 Qb6 18. Nxd5 exd5 19. Bxd5+ Kh8 20. e6 Bc6 21.
Bxc6 Rxc6 22. Rxc6 Qxc6 23. Rd7 Qc1+ 24. Kg2 Qc6+ 25. Kg1 Qc1+ 26. Rd1 Qc6 27.
Rd7 Qc1+ {Game drawn by repetition} 1/2-1/2

[Event "Team 45 45 League T48"]
[Site "Internet Chess Club"]
[Date "2011.04.03"]
[Round "8"]
[White "Tobiasdelmonte"]
[Black "bwang88"]
[Result "0-1"]
[WhiteElo "1885"]
[BlackElo "1955"]
[Opening "QGD semi-Slav: anti-Meran, Lilienthal variation"]
[ECO "D44"]
[Time "15:18:12"]
[TimeControl "2700+45"]

1. d4 d5 2. c4 e6 3. Nf3 c6 4. Nc3 Nf6 5. Bg5 dxc4 6. e4 b5 7. e5 h6 8. Bh4 g5
9. Nxg5 hxg5 10. Bxg5 Nbd7 11. g3 Bb7 12. Bg2 Qc7 13. exf6 c5 14. d5 Qe5+ 15.
Be3 Nxf6 16. O-O O-O-O 17. Nxb5 Nxd5 18. Qa4 a6 19. Na7+ Kc7 20. Rfe1 Nxe3 21.
Rxe3 Qd6 22. Qa5+ Qb6 23. Qc3 Bd6 24. Qg7 Rdf8 25. Rxe6 Bxg2 26. Kxg2 Qxa7 27.
Rd1 Rhg8 28. Re7+ Bxe7 29. Qe5+ Kc8 30. Qf5+ Kb8 31. Rd7 Qa8+ 32. Kg1 Bd8 33.
Qe5+ Kc8 34. Qf5 Bc7 35. Re7+ Kb8 36. Qxc5 Qb7 37. Re3 Rd8 38. f3 Rd1+ 39. Kg2
Qxb2+ 40. Kh3 Rh8+ 41. Kg4 Qd4+ 42. Qxd4 Rxd4+ {White resigns} 0-1

[Event "Team 45 45 League T48"]
[Site "Internet Chess Club"]
[Date "2011.03.31"]
[Round "8"]
[White "brgdgaf"]
[Black "pawnislander2"]
[Result "1-0"]
[WhiteElo "1998"]
[BlackElo "1920"]
[Opening "Dutch defense"]
[ECO "A81"]
[Time "14:03:26"]
[TimeControl "2700+45"]

1. d4 f5 2. g3 Nf6 3. Bg2 g6 4. Nh3 Bg7 5. Nf4 O-O 6. h4 d6 7. d5 Qe8 8. h5 Nxh5
9. Nxh5 gxh5 10. Nc3 Nd7 11. Nb5 Qd8 12. Rxh5 Nf6 13. Rh1 a6 14. Nd4 Bd7 15. Bh6
Bxh6 16. Rxh6 Ng4 17. Rh4 Qe8 18. e4 Ne5 19. exf5 Bxf5 20. Nxf5 Rxf5 21. Be4 Rf6
22. Bxh7+ Kf8 23. Be4 Ng6 24. Bxg6 Qxg6 25. Rh8+ Kf7 26. Rxa8 Qe4+ 27. Qe2 Qh1+
28. Kd2 Qxa1 29. Qh5+ Kg7 30. Qh8+ Kg6 31. Rg8+ Kf5 32. Qh5+ Ke4 33. Rg4+ Kf3
34. Rh4+ Kxf2 35. Qe2+ Kxg3 36. Rg4+ Kh3 37. Qg2# {Black checkmated} 1-0

[Event "Team 45 45 League T48"]
[Site "Internet Chess Club"]
[Date "2011.04.01"]
[Round "8"]
[White "gaibo4ever"]
[Black "Philly-Boy"]
[Result "1-0"]
[WhiteElo "2103"]
[BlackElo "1834"]
[Opening "Scandinavian defense"]
[ECO "B01"]
[Time "22:06:35"]
[TimeControl "2700+45"]

1. e4 d5 2. exd5 Nf6 3. d4 Bg4 4. Be2 Bxe2 5. Qxe2 Qxd5 6. Nf3 e6 7. O-O Be7 8.
c4 Qf5 9. Nc3 c6 10. b3 Bb4 11. Bb2 O-O 12. Ne5 Nbd7 13. Nd3 Bxc3 14. Bxc3 Ne4
15. Bb2 Rfe8 16. Rfe1 Ndf6 17. f3 Nd6 18. Nc5 Rad8 19. Rad1 b6 20. Nd3 Nb7 21.
Ne5 c5 22. Nc6 Rd7 23. Nxa7 cxd4 24. Bxd4 Nc5 25. Nc6 Ra8 26. b4 Na4 27. Bxf6
Rxd1 28. Ne7+ Kh8 29. Bxg7+ Kxg7 30. Nxf5+ exf5 31. Rxd1 {Black resigns} 1-0

[Event "Team 45 45 League T48"]
[Site "Internet Chess Club"]
[Date "2011.04.02"]
[Round "8"]
[White "vaknight"]
[Black "justice02"]
[Result "0-1"]
[WhiteElo "1730"]
[BlackElo "1799"]
[Opening "Bird's opening"]
[ECO "A03"]
[Time "12:30:13"]
[TimeControl "2700+45"]

1. f4 d5 2. b3 Nf6 3. Bb2 Nbd7 4. Nf3 e6 5. e3 Be7 6. Be2 a5 7. Nc3 c6 8. a4 Nf8
9. O-O Ng6 10. Bd3 Qb6 11. Kh1 Qc7 12. Ne2 O-O 13. Ng3 c5 14. f5 exf5 15. Nxf5
Bd8 16. Qe2 c4 17. bxc4 dxc4 18. N3d4 cxd3 19. cxd3 Ne5 20. Nb5 Qb8 21. Ba3 Bxf5
22. Rxf5 Neg4 23. Bd6 Qc8 24. Raf1 Re8 25. h3 Nh6 26. Rc5 Qd7 27. g4 Rc8 28.
Rxc8 Qxc8 29. e4 Re6 30. Qf3 Ne8 31. Ba3 Qc2 32. Nd4 Qa2 33. Nxe6 Qxe6 34. d4
Qc4 35. Bb2 Qxa4 36. d5 Nd6 37. d3 Qc2 38. Rf2 Qc7 39. g5 Bxg5 40. Bxg7 Kxg7 41.
e5 Ndf5 42. Rg2 Qc1+ 43. Rg1 Qd2 44. h4 Nxh4 45. Qf6+ Kf8 46. Rxg5 Qd1+ 47. Rg1
Qf3+ 48. Qxf3 Nxf3 49. Rb1 Nxe5 50. Rxb7 Nxd3 51. Ra7 Nf5 52. Rxa5 Ke7 53. Kg2
Kd6 54. Kf3 Nb4 55. Ke4 Ne7 56. Ra1 Nbxd5 57. Rh1 f5+ 58. Kd4 Nf6 59. Rh6 Ke6
60. Rh1 f4 61. Re1+ Kf7 62. Ke5 Ned5 63. Rf1 Kg6 64. Rg1+ Kh5 65. Kf5 Kh4 66.
Rf1 Kg3 {White resigns} 0-1

[Event "Team 45 45 League T48"]
[Site "Internet Chess Club"]
[Date "2011.04.03"]
[Round "8"]
[White "sbaker831"]
[Black "Muravey"]
[Result "0-1"]
[WhiteElo "1647"]
[BlackElo "1666"]
[Opening "Réti: King's Indian attack"]
[ECO "A08"]
[Time "14:04:06"]
[TimeControl "2700+45"]

1. Nf3 d5 2. g3 c5 3. Bg2 Nc6 4. O-O Nf6 5. c4 e6 6. b3 Be7 7. Bb2 O-O 8. d3 Qc7
9. cxd5 exd5 10. Nc3 a6 11. Rc1 d4 12. Na4 Nd7 13. Ba3 Qa5 14. Qd2 Qxd2 15. Nxd2
Nb4 16. Bxb4 cxb4 17. Ne4 b5 18. Nac5 Nxc5 19. Nxc5 Ra7 20. Rc2 Bf5 21. Rfc1 Rc8
22. Nb7 Rxc2 23. Rxc2 a5 24. Rc7 Bd6 25. Rc2 Bf8 26. Nd8 a4 27. Nc6 axb3 28. Rc1
b2 29. Rb1 Rxa2 30. Bf1 Ra1 31. Rxb2 Bh3 {White resigns} 0-1

[Event "Team 45 45 League T48"]
[Site "Internet Chess Club"]
[Date "2011.04.05"]
[Round "8"]
[White "Giacometti"]
[Black "ScotchYeti"]
[Result "0-1"]
[WhiteElo "1644"]
[BlackElo "1671"]
[Opening "Bird's opening"]
[ECO "A03"]
[Time "13:46:34"]
[TimeControl "2700+45"]

1. f4 d5 2. Nf3 Nf6 3. g3 Bg4 4. Bg2 Nbd7 5. Nc3 c6 6. O-O Qc7 7. d3 e5 8. e4
exf4 9. exd5 Nxd5 10. Nxd5 cxd5 11. Qe1+ Be6 12. Ng5 Qb6+ 13. Kh1 Be7 14. Nxe6
Qxe6 15. Bxf4 Nf6 16. Qd2 O-O 17. Rae1 Qd7 18. Re2 Rae8 19. Rfe1 Bc5 20. Rxe8
Rxe8 21. Rxe8+ Qxe8 22. d4 Ne4 23. Qe3 Bb6 24. Bxe4 Qxe4+ 25. Qxe4 dxe4 26. c3
a5 27. Kg2 f5 28. Kf2 Kf7 29. Ke3 Ke6 30. c4 g6 31. a3 a4 32. h4 Kd7 33. c5 Bc7
34. Kd2 Bxf4+ 35. gxf4 Kc6 36. Kc3 Kd5 37. b4 axb3 38. a4 e3 {White resigns} 0-1

[Event "Team 45 45 League T48"]
[Site "Internet Chess Club"]
[Date "2011.04.04"]
[Round "8"]
[White "cepheid"]
[Black "oldprez"]
[Result "1-0"]
[WhiteElo "1675"]
[BlackElo "1372"]
[Opening "Pirc: classical, h3 system"]
[ECO "B08"]
[Time "13:00:48"]
[TimeControl "2700+45"]

1. e4 d6 2. d4 Nf6 3. Nc3 g6 4. Nf3 Bg7 5. h3 O-O 6. Be3 Nbd7 7. e5 dxe5 8. dxe5
Nh5 9. g4 Ng3 10. fxg3 Nxe5 11. Nxe5 Bxe5 12. Bf4 Qxd1+ 13. Rxd1 Bxc3+ 14. bxc3
c6 15. Bc4 b5 16. Bb3 Re8 17. Be5 a5 18. Rf1 e6 19. a4 bxa4 20. Bxa4 Ba6 21. Rf4
Rec8 22. Rd7 Rf8 23. Rfd4 f6 24. Bd6 e5 25. Rd2 Rfd8 26. Bb3+ Kh8 27. Be7 Rxd7
28. Bxf6+ Rg7 29. Rd7 {Black resigns} 1-0

[Event "Team 45 45 League T48"]
[Site "Internet Chess Club"]
[Date "2011.04.01"]
[Round "8"]
[White "toukon"]
[Black "Razorbackchess"]
[Result "1/2-1/2"]
[WhiteElo "1727"]
[BlackElo "1807"]
[Opening "King's Indian: Andersson variation"]
[ECO "E92"]
[Time "21:01:19"]
[TimeControl "2700+45"]

1. d4 Nf6 2. c4 g6 3. Nc3 Bg7 4. e4 d6 5. Nf3 O-O 6. Be2 e5 7. dxe5 dxe5 8. Qxd8
Rxd8 9. Bg5 Re8 10. Nd5 Nxd5 11. cxd5 c6 12. Bc4 cxd5 13. Bxd5 Nd7 14. Rc1 h6
15. Be3 Nf6 16. O-O Nxd5 17. exd5 Rd8 18. Rcd1 Bg4 19. h3 Bxf3 20. gxf3 g5 21.
Rd3 b6 22. Rc1 Rac8 23. Rc6 f6 24. Rdc3 Rxc6 25. Rxc6 Rxd5 26. Rc7 Ra5 27. a3
Kh7 28. Bd2 Rc5 29. Rxa7 Kg6 30. Rb7 Rc6 31. Be3 Bf8 32. Bxb6 Rc1+ 33. Kg2 Rb1
34. b4 Rb3 35. Ra7 Kf5 36. Be3 Ke6 37. Bc5 Bxc5 38. bxc5 Kd5 39. Ra5 h5 40. Kg3
e4 41. Kg2 Rxf3 42. a4 Kc6 43. Rb5 f5 44. Ra5 h4 45. Rb5 g4 46. hxg4 fxg4 47.
Rb1 Kxc5 48. a5 Ra3 49. Rh1 h3+ 50. Kh2 Rxa5 51. Kg3 Ra2 52. Kxg4 Rxf2 53. Rxh3
Kd4 54. Ra3 e3 55. Ra4+ Kd3 56. Ra3+ Ke2 57. Kg3 Rf8 58. Ra2+ Kd1 59. Ra1+ Kc2
60. Ra2+ Kd3 61. Ra3+ {Game drawn by mutual agreement} 1/2-1/2

[Event "Team 45 45 League T48"]
[Site "Internet Chess Club"]
[Date "2011.04.02"]
[Round "8"]
[White "Tamarin"]
[Black "ElMarginal"]
[Result "1-0"]
[WhiteElo "1724"]
[BlackElo "1541"]
[Opening "QGD: Marshall defense"]
[ECO "D06"]
[Time "20:31:25"]
[TimeControl "2700+45"]

1. d4 d5 2. c4 Nf6 3. cxd5 Qxd5 4. Nc3 Qf5 5. Nf3 e6 6. e3 Be7 7. Bd3 Qa5 8. Bd2
c6 9. Rc1 Nbd7 10. a3 O-O 11. O-O Qd8 12. b4 Nb6 13. Qc2 Nbd5 14. e4 Nxc3 15.
Bxc3 g6 16. Qd2 Re8 17. Qh6 Bf8 18. Qh4 Be7 19. Qh6 Ng4 20. Qd2 Bf8 21. Qc2 Bg7
22. h3 Nf6 23. Bd2 Nh5 24. Be3 Bd7 25. Qd2 a6 26. Bh6 Bxh6 27. Qxh6 Qf6 28. Ne5
Rad8 29. Nf3 Bc8 30. Ng5 Qg7 31. Qxg7+ Nxg7 32. Nf3 Nh5 33. Bc4 Nf6 34. e5 Nd5
35. Bxd5 exd5 36. g4 Kg7 37. Nh4 f6 38. f4 fxe5 39. fxe5 Rf8 40. Rxf8 Rxf8 41.
Rf1 Be6 42. Rxf8 Kxf8 43. Kg2 Kg7 44. Nf3 h6 45. Kg3 g5 46. h4 Kg6 47. hxg5 hxg5
48. Nd2 Kf7 49. Nb3 b6 50. a4 Ke7 51. a5 bxa5 52. Nxa5 Bd7 53. Nb7 Bc8 54. Nd6
Bd7 55. Nf5+ Ke6 56. Ng7+ Kf7 57. Nh5 Be6 58. Nf6 Bc8 59. Kf3 Be6 60. Nh7 Kg6
61. Nf8+ Kf7 62. Nxe6 Kxe6 63. Ke3 Kd7 64. Kd3 Kc7 65. Kc3 Kb6 66. Kb3 Kc7 67.
Ka4 Kb6 68. e6 Kc7 69. Ka5 Kd6 70. Kxa6 Kxe6 71. Kb6 Kd6 72. b5 cxb5 73. Kxb5
Kd7 74. Kc5 Ke6 75. Kc6 {Black resigns} 1-0

[Event "Team 45 45 League T48"]
[Site "Internet Chess Club"]
[Date "2011.04.03"]
[Round "8"]
[White "BaumDeezy"]
[Black "badmove"]
[Result "1-0"]
[WhiteElo "1493"]
[BlackElo "1706"]
[Opening "English: Anglo-Dutch defense"]
[ECO "A10"]
[Time "15:10:59"]
[TimeControl "2700+45"]

1. c4 f5 2. g3 Nf6 3. Bg2 g6 4. Nc3 Bg7 5. d3 O-O 6. e4 fxe4 7. Nxe4 d6 8. Ne2
c5 9. O-O Nc6 10. Rb1 e5 11. Bg5 h6 12. Nxf6+ Bxf6 13. Bxh6 Rf7 14. Bd5 g5 15.
f4 exf4 16. gxf4 Qe7 17. fxg5 Qe3+ 18. Kh1 Ne7 19. Bxf7+ Kxf7 20. g6+ {Black
resigns} 1-0

[Event "Team 45 45 League T48"]
[Site "Internet Chess Club"]
[Date "2011.04.01"]
[Round "8"]
[White "MateIn42"]
[Black "Xanther"]
[Result "1-0"]
[WhiteElo "1448"]
[BlackElo "1420"]
[Opening "French: exchange variation"]
[ECO "C01"]
[Time "21:00:43"]
[TimeControl "2700+45"]

1. e4 e6 2. d4 d5 3. exd5 exd5 4. Nc3 Nf6 5. Nf3 Bb4 6. Bd2 O-O 7. Be2 Nc6 8.
O-O Bf5 9. a3 Ba5 10. b4 Bb6 11. Bg5 Be6 12. Na4 h6 13. Bxf6 Qxf6 14. Nxb6 axb6
15. c3 Rfe8 16. Re1 Bf5 17. Bb5 Qg6 18. Nh4 Qg4 19. Nxf5 Qxf5 20. Rxe8+ Rxe8 21.
Bd3 Qf4 22. g3 Qg5 23. h4 Qe7 24. Qf3 Qe6 25. Bf5 Qf6 26. Qxd5 Rd8 27. Qe4 g6
28. Bh3 Qe7 29. Re1 Re8 30. Bg2 Qxe4 31. Rxe4 Rxe4 32. Bxe4 Kg7 33. Bxc6 bxc6
34. a4 Kf6 35. a5 {Black resigns} 1-0

[Event "Team 45 45 League T48"]
[Site "Internet Chess Club"]
[Date "2011.04.02"]
[Round "8"]
[White "LazyPeon"]
[Black "civilization"]
[Result "0-1"]
[WhiteElo "1795"]
[BlackElo "1767"]
[Opening "Grünfeld: exchange, Spassky variation"]
[ECO "D87"]
[Time "14:00:38"]
[TimeControl "2700+45"]

1. d4 Nf6 2. c4 g6 3. Nc3 d5 4. cxd5 Nxd5 5. e4 Nxc3 6. bxc3 Bg7 7. Bc4 O-O 8.
Ne2 c5 9. O-O Nc6 10. Be3 Qc7 11. Rc1 Rd8 12. Bf4 e5 13. Bg3 Qe7 14. d5 Na5 15.
Bd3 b6 16. f3 Nb7 17. c4 Nd6 18. Nc3 Bd7 19. a4 a6 20. Rb1 Rab8 21. Rf2 Rb7 22.
Rfb2 Rdb8 23. Bf2 Be8 24. Qd2 Qc7 25. Be3 Bd7 26. f4 Qd8 27. fxe5 Bxe5 28. Bf4
Qf6 29. Bxe5 Qxe5 30. Rf1 b5 31. axb5 axb5 32. cxb5 Bxb5 33. Bxb5 Nxb5 34. Nxb5
Rxb5 35. Rxb5 Rxb5 36. Qe3 c4 37. Qa7 Qe8 38. Qd4 Qc8 39. Rc1 Rc5 40. d6 Rc6 41.
Qd5 Qd7 42. e5 c3 43. Qb5 c2 44. Rxc2 Qa7+ 45. Rf2 Rc1+ 46. Qf1 Rxf1+ 47. Kxf1
Qa1+ {White resigns} 0-1

[Event "Team 45 45 League T48"]
[Site "Internet Chess Club"]
[Date "2011.04.03"]
[Round "8"]
[White "crazyhorses"]
[Black "room-matt"]
[Result "0-1"]
[WhiteElo "1562"]
[BlackElo "1652"]
[Opening "Réti: King's Indian attack"]
[ECO "A05"]
[Time "13:00:18"]
[TimeControl "2700+45"]

1. Nf3 Nf6 2. g3 g6 3. Bg2 Bg7 4. O-O O-O 5. d3 d5 6. Nbd2 d4 7. Nb3 Nc6 8. e4
dxe3 9. fxe3 Nd5 10. c3 Nb6 11. e4 a5 12. a4 Nd7 13. Be3 Nde5 14. Nxe5 Nxe5 15.
d4 Bg4 16. Qc2 Nc4 17. Bc1 b6 18. h3 Be6 19. Qe2 Nd6 20. d5 Bc8 21. Qc2 Qd7 22.
Nd4 Ba6 23. Rf2 Rac8 24. Be3 e5 25. dxe6 fxe6 26. Rxf8+ Rxf8 27. Nf3 Qc6 28. Nd4
Qe8 29. Rd1 e5 30. Nf3 Bb7 31. Nd2 Qa8 32. Re1 Qa6 33. Rf1 Qe2 34. Rxf8+ Bxf8
35. Bf2 Qh5 36. g4 Qg5 37. Nf3 Qf4 38. Nd2 Bh6 39. Be1 Qe3+ 40. Kf1 Bf4 41. Qb3+
Kg7 42. Qc2 h5 43. gxh5 gxh5 44. Bh1 Qxh3+ 45. Bg2 Qe3 46. Qd1 Ba6+ 47. c4 Nxc4
48. Qe2 Nxd2+ {White resigns} 0-1

[Event "Team 45 45 League T48"]
[Site "Internet Chess Club"]
[Date "2011.04.03"]
[Round "8"]
[White "ticopatzer"]
[Black "ElmerHo"]
[Result "1-0"]
[WhiteElo "1649"]
[BlackElo "1560"]
[Opening "Scotch game"]
[ECO "C45"]
[Time "19:02:28"]
[TimeControl "2700+45"]

1. e4 e5 2. Nf3 Nc6 3. d4 exd4 4. Nxd4 Bc5 5. Nxc6 Qf6 6. Qd2 dxc6 7. Nc3 Be6 8.
Bd3 Ne7 9. O-O Ng6 10. Qg5 Qxg5 11. Bxg5 h6 12. Bd2 Ne5 13. Bf4 Nxd3 14. cxd3
O-O-O 15. Rfd1 Bd4 16. a3 g5 17. Be3 Bb3 18. Rd2 Rd7 19. Bxd4 Rxd4 20. Ne2 Rd7
21. Rc1 Rhd8 22. d4 Be6 23. f3 f6 24. Kf2 Rd6 25. g4 Rh8 26. h4 b6 27. Rdc2 Kb7
28. e5 fxe5 29. dxe5 Rd7 30. Rxc6 Bd5 31. Rg6 Rf7 32. Rc3 Rhf8 33. Nd4 Rf4 34.
Nf5 gxh4 35. Rxh6 Be4 36. Nxh4 Rxg4 37. Ke2 Rg5 38. fxe4 Rxe5 39. Ke3 Rfe8 40.
Rc4 b5 41. Rd4 c5 42. Rd7+ Kb8 43. Rhh7 Rxe4+ 44. Kd3 Re3+ 45. Kc2 Re2+ 46. Kb3
c4+ 47. Kc3 R8e3+ 48. Kb4 Rxb2+ 49. Kc5 Re5+ 50. Kd6 Re8 51. Rb7+ Kc8 52. Rhc7+
Kd8 53. Rb8# {Black checkmated} 1-0

[Event "Team 45 45 League T48"]
[Site "Internet Chess Club"]
[Date "2011.04.04"]
[Round "8"]
[White "allanchs"]
[Black "Rapidcitychess"]
[Result "1/2-1/2"]
[WhiteElo "1501"]
[BlackElo "1551"]
[Opening "Sicilian: Najdorf, Göteborg (Argentine) variation"]
[ECO "B98"]
[Time "14:00:08"]
[TimeControl "2700+45"]

1. e4 c5 2. Nf3 d6 3. d4 cxd4 4. Nxd4 Nf6 5. Nc3 a6 6. Bg5 e6 7. f4 Be7 8. Qf3
h6 9. Bh4 g5 10. fxg5 Nfd7 11. Qh5 Bxg5 12. Bxg5 Qxg5 13. Qxg5 hxg5 14. O-O-O
Ne5 15. Nf3 Nxf3 16. gxf3 Ke7 17. Na4 Nc6 18. Nb6 Rb8 19. Nc4 Rd8 20. h4 b5 21.
Nd2 gxh4 22. Rxh4 Bb7 23. f4 Rh8 24. Rg4 Rbg8 25. Rxg8 Rxg8 26. Bd3 Rg4 27. Rf1
Nd4 28. c3 Nc6 {Game drawn by mutual agreement} 1/2-1/2

[Event "Team 45 45 League T48"]
[Site "Internet Chess Club"]
[Date "2011.04.04"]
[Round "8"]
[White "Packerfan"]
[Black "DarkFlow"]
[Result "0-1"]
[WhiteElo "1695"]
[BlackElo "1935"]
[Opening "Sicilian: Alapin's variation (2.c3)"]
[ECO "B22"]
[Time "09:30:15"]
[TimeControl "2700+45"]

1. e4 c5 2. c3 d5 3. exd5 Qxd5 4. d4 Nf6 5. Nf3 e6 6. Bb5+ Bd7 7. Bxd7+ Nbxd7 8.
O-O Be7 9. Be3 O-O 10. dxc5 Bxc5 11. Qxd5 Nxd5 12. Bxc5 Nxc5 13. Nbd2 Rfd8 14.
Nb3 Nd3 15. Rab1 Nb6 16. Ne1 Ne5 17. f4 Nec4 18. Nf3 Na4 19. Rf2 Rac8 20. Nbd4
a6 21. Ne5 Ncxb2 22. Rfxb2 Nxc3 23. Ndf3 Nxb1 24. Rxb1 b5 25. Ne1 Rd2 26. Ra1
Rcd8 27. N5d3 R8xd3 28. Nxd3 Rxd3 29. Kf2 h5 30. Ke2 Ra3 31. Kd2 b4 32. Kc2 b3+
33. Kb2 Rxa2+ 34. Rxa2 bxa2 35. Kxa2 f6 36. Ka3 e5 37. fxe5 fxe5 38. Kb4 Kf7 39.
Ka5 e4 40. Kb4 Ke6 41. Kc4 Ke5 42. g3 a5 43. Kc3 Kd5 44. h3 g5 45. h4 g4 46. Kd2
Kd4 47. Ke2 a4 48. Kd2 a3 49. Kc2 e3 50. Kc1 a2 51. Kb2 e2 {White resigns} 0-1

[Event "Team 45 45 League T48"]
[Site "Internet Chess Club"]
[Date "2011.03.31"]
[Round "8"]
[White "Grenadier"]
[Black "montgomerydvd"]
[Result "1-0"]
[WhiteElo "1817"]
[BlackElo "1600"]
[Opening "Ruy Lopez: old Steinitz defense"]
[ECO "C62"]
[Time "20:30:19"]
[TimeControl "2700+45"]

1. e4 e5 2. Nf3 Nc6 3. Bb5 d6 4. Nc3 Nf6 5. d4 exd4 6. Nxd4 Bd7 7. Nxc6 bxc6 8.
Bc4 Be7 9. Be3 O-O 10. O-O Be6 11. Bb3 a6 12. Qe2 Ng4 13. Bxe6 Nxe3 14. Bxf7+
Rxf7 15. Qxe3 Bf6 16. Rab1 Qe8 17. Qd3 Be5 18. g3 c5 19. Ne2 Qc6 20. Qd5 Qxd5
21. exd5 Raf8 22. f4 Bf6 23. c4 Re7 24. Nc1 Rfe8 25. b3 Bd4+ 26. Kg2 Re3 27. b4
Rc3 28. Nb3 Rc2+ 29. Kh3 Bf6 30. bxc5 Ree2 31. Rh1 h5 32. cxd6 cxd6 33. Nc1 Re3
34. Rb6 Rxc4 35. Rf1 Ra4 36. Rxd6 Raa3 37. Re6 Rec3 38. d6 Kf7 39. Rfe1 Rxc1 40.
Rxf6+ gxf6 41. Rxc1 Rd3 42. Rc6 a5 43. Ra6 Rd5 44. Kh4 Ke6 45. h3 Kd7 46. g4
hxg4 47. hxg4 Rd2 48. g5 fxg5+ 49. fxg5 Rxa2 50. g6 Rg2 51. Kh5 Ke6 52. Rxa5
Kxd6 53. Kh6 Ke7 54. Rf5 Ke6 55. Rg5 Rh2+ 56. Kg7 Rc2 57. Kh7 Rc7+ 58. g7 Kf6
59. Rg2 {Black resigns} 1-0

[Event "Team 45 45 League T48"]
[Site "Internet Chess Club"]
[Date "2011.04.02"]
[Round "8"]
[White "mongmong"]
[Black "GoIrish"]
[Result "1-0"]
[WhiteElo "1630"]
[BlackElo "1539"]
[Opening "King's Indian: East Indian defense"]
[ECO "A48"]
[Time "06:37:39"]
[TimeControl "2700+45"]

1. d4 Nf6 2. Nf3 g6 3. e3 Bg7 4. c4 c5 5. Nc3 O-O 6. dxc5 Na6 7. Be2 Nxc5 8. O-O
a5 9. Bd2 d6 10. Nd4 Nce4 11. f3 Nxd2 12. Qxd2 Nd7 13. Rad1 Ne5 14. b3 Bd7 15.
Ndb5 Qc8 16. Rc1 Bh6 17. Nd5 Qc5 18. Nxe7+ Kh8 19. Nd5 Be6 20. Kh1 Bxd5 21. cxd5
Qxe3 22. Qxe3 Bxe3 23. Rc7 b6 24. Nxd6 Rad8 25. Nc4 Bf4 26. Nxb6 Nxf3 27. Rb7
Nd4 28. Rxf4 Nxe2 29. Rfxf7 Rxf7 30. Rxf7 Rd6 31. Re7 Nc3 32. Re6 Rd8 33. d6 Nb5
34. d7 Nc7 35. Rc6 Rf8 36. g3 {Black resigns} 1-0

[Event "Team 45 45 League T48"]
[Site "Internet Chess Club"]
[Date "2011.04.03"]
[Round "8"]
[White "Esslinger"]
[Black "Gilguli"]
[Result "0-1"]
[WhiteElo "1352"]
[BlackElo "1427"]
[Opening "QGD: Albin counter-gambit"]
[ECO "D08"]
[Time "15:10:23"]
[TimeControl "2700+45"]

1. d4 d5 2. c4 e5 3. cxd5 Qxd5 4. e3 exd4 5. Qxd4 Qxd4 6. exd4 Bf5 7. Nf3 Nf6 8.
Bc4 Bb4+ 9. Nc3 O-O 10. O-O Nbd7 11. Bf4 c6 12. Nh4 Bg4 13. f3 Bh5 14. g4 Bg6
15. Nxg6 hxg6 16. Rae1 Nb6 17. Bb3 Rad8 18. a3 Rxd4 19. Be3 Bxc3 20. bxc3 Rd3
21. Bd4 Rd8 22. Re7 Nfd5 23. Bxd5 Nxd5 24. Rxb7 Nxc3 25. Bxc3 Rxc3 26. Rxa7 Rdd3
27. Re1 Rxf3 28. Re5 Rxa3 29. Re8+ Kh7 30. Rc7 Rac3 31. g5 Rf5 32. Rcc8 Rxg5+
33. Kf2 Rf5+ 34. Ke2 Kh6 35. Kd2 Rcc5 36. Rh8+ Kg5 37. Rh7 Kf6 38. Rg8 Rh5 39.
Rhxg7 Rxh2+ 40. Kd3 Rd5+ 41. Kc3 Rh3+ 42. Kc4 Rh4+ 43. Kc3 Rg5 {White resigns}
0-1

[Event "Team 45 45 League T48"]
[Site "Internet Chess Club"]
[Date "2011.04.02"]
[Round "8"]
[White "BrianWood"]
[Black "medsurg"]
[Result "1-0"]
[WhiteElo "1427"]
[BlackElo "1299"]
[Opening "Alekhine's defense: exchange variation"]
[ECO "B03"]
[Time "22:00:56"]
[TimeControl "2700+45"]

1. e4 Nf6 2. e5 Nd5 3. d4 d6 4. c4 Nb6 5. exd6 exd6 6. Bd3 Nc6 7. Nf3 Bg4 8. O-O
Nxd4 9. Qe1+ Ne6 10. Qe4 Bxf3 11. Qxf3 c6 12. Nc3 Be7 13. Qh3 h6 14. Re1 Nd7 15.
Be3 Bg5 16. Bf5 Bxe3 17. Qxe3 Nf8 18. Rad1 g6 19. Bxe6 Nxe6 20. Ne4 d5 21. cxd5
cxd5 22. Rxd5 Qxd5 23. Nf6+ Ke7 {Black resigns} 1-0

[Event "Team 45 45 League T48"]
[Site "Internet Chess Club"]
[Date "2011.04.03"]
[Round "8"]
[White "dabodhi"]
[Black "artspir"]
[Result "1-0"]
[WhiteElo "1211"]
[BlackElo "1101"]
[Opening "Scotch opening"]
[ECO "C44"]
[Time "15:00:15"]
[TimeControl "2700+45"]

1. e4 e5 2. Nf3 Nc6 3. d4 Nf6 4. d5 Nb4 5. Bg5 Be7 6. a3 Na6 7. Nc3 d6 8. b4 O-O
9. h3 b6 10. Bb5 h6 11. Be3 Nb8 12. O-O a6 13. Bd3 Bd7 14. Qd2 c6 15. Nh2 cxd5
16. Nxd5 Nxd5 17. exd5 f5 18. f4 e4 19. Be2 Qc7 20. g4 Rf6 21. g5 hxg5 22. fxg5
Rg6 23. Bh5 Bf6 24. Rac1 Bc3 25. Qg2 Be8 26. Rxf5 Nd7 27. Qxe4 Nf6 28. Rxf6 gxf6
29. Bxg6 Bb2 30. Rf1 Qg7 31. Qe6+ Kf8 32. Qxd6+ Kg8 33. Bxe8 Rxe8 34. Bd2 Bd4+
35. Kh1 Be5 36. Qc6 Rf8 37. Ng4 Qg6 38. gxf6 Qe4+ 39. Kg1 Bd4+ 40. Nf2 Qg6+ 41.
Kh2 Be5+ 42. Kh1 Rxf6 43. Qc8+ Kf7 44. Qd7+ Kg8 45. Qd8+ Kg7 46. Qe7+ Rf7 47.
Qxe5+ Rf6 48. Rg1 Qxg1+ 49. Kxg1 Kf7 50. Qc7+ Kg6 51. Ng4 Rf5 52. Qd6+ Kh5 53.
Qh6# {Black checkmated} 1-0

[Event "Team 45 45 League T48"]
[Site "Internet Chess Club"]
[Date "2011.04.03"]
[Round "8"]
[White "sockmonkey"]
[Black "carolinaknight"]
[Result "1-0"]
[WhiteElo "1090"]
[BlackElo "1246"]
[Opening "Queen's pawn"]
[ECO "A40"]
[Time "13:00:12"]
[TimeControl "2700+45"]

1. d4 e6 2. Nf3 c5 3. c3 Nf6 4. Bg5 Be7 5. Nbd2 h6 6. Bxf6 Bxf6 7. e4 d6 8. Bd3
b6 9. O-O Ba6 10. Bxa6 Nxa6 11. Qa4+ Qd7 12. Qxa6 O-O 13. Qe2 Be7 14. Rac1 b5
15. Rfd1 c4 16. b3 Rfc8 17. bxc4 a6 18. Rc2 Rc7 19. Ra1 Qc8 20. e5 dxe5 21. Nxe5
Bg5 22. a4 Bf4 23. axb5 Bxe5 24. dxe5 Rc5 25. bxa6 Rxa6 26. Rxa6 Qxa6 27. f4 Qb6
28. Qe3 Qa7 29. Ne4 Qa1+ 30. Kf2 Rxc4 31. Nd6 Rc6 32. Qc1 Qa7+ 33. Qe3 Qa4 34.
Qd2 Qa7+ 35. Kg3 Qe7 36. Ra2 Kh7 37. Qd3+ g6 38. Ra6 Rc7 39. Nb5 Rd7 40. Qc4 g5
41. Qe4+ Kg7 42. f5 Qe8 43. f6+ Kh8 44. Ra8 Rd8 45. Nd6 Qg8 46. Rxd8 {Black
resigns} 1-0